 Dungeon Crawl Stone Soup version 0.30-a0-509-gd016549fea (webtiles) character file.

Game seed: 14112597454395274787

4587 avis the Skirmisher (level 9, -1/69 HPs)
             Began as a Demigod Hunter on Dec 22, 2022.
             Constricted to death by Sonja (5 damage)
             ... on level 8 of the Dungeon.
             The game lasted 00:49:07 (8031 turns).

avis the Skirmisher (Demigod Hunter)                Turns: 8031, Time: 00:49:08

Health: -1/69      AC: 12    Str: 12    XL:     9   Next: 99%
Magic:  18/20      EV: 15    Int:  7    God:
Gold:   498        SH:  8    Dex: 35    Spells: 6/8 levels left

rFire   . . .      SeeInvis .    a - +6 sling of Gluttony {drain, rElec rPois rCorr Int-4}
rCold   . . .      Faith    .    c - +0 buckler
rNeg    . . .      Spirit   .    o - +2 swamp dragon scales
rPois   +          Reflect  .    (no helmet)
rElec   +          Harm     .    B - +2 cloak {Stlth+}
rCorr   +          Rampage  .    (no gloves)
Will    .....                    (no boots)
Stlth   ++++......               (no amulet)
HPRegen 0.31/turn                G - ring of magical power
MPRegen 0.17/turn                D - +6 ring of dexterity

@: grasped by roots, on blink cooldown, constricted
A: high MP 1, forlorn, divine attributes
a: no special abilities


You were on level 8 of the Dungeon.
You visited 3 branches of the dungeon, and saw 10 of its levels.

You collected 498 gold pieces.

Inventory:

Hand Weapons
 a - the +6 sling of Gluttony (weapon) {drain, rElec rPois rCorr Int-4}
   (You found it on level 2 of the Dungeon)

   A truly terrible weapon, it drains the life of any living foe it strikes.
   Int:       It affects your intelligence (-4).
   rElec:     It insulates you from electricity.
   rPois:     It protects you from poison.
   rCorr:     It protects you from acid and corrosion.
 b - a +2 falchion of electrocution
 t - a +1 whip of venom
 u - a +0 dagger of holy wrath
 w - a +3 spear of freezing
Missiles
 E - 16 poisoned darts
Armour
 c - a +0 buckler (worn)
 d - a +2 leather armour of willpower
 o - +2 swamp dragon scales (worn)
 B - a +2 cloak of stealth (worn)
Jewellery
 h - a ring of protection from cold
 D - a +6 ring of dexterity (right hand)
 G - a ring of magical power (left hand)
Wands
 e - a wand of digging (8)
 f - a wand of polymorph (21)
 F - a wand of roots (24)
Scrolls
 k - 2 scrolls of fear {unknown}
 l - 2 scrolls of enchant weapon {unknown}
 n - 3 scrolls of fog {unknown}
 s - 4 scrolls of enchant armour {unknown}
 v - 2 scrolls of poison {unknown}
 y - 2 scrolls of noise {unknown}
 I - 2 scrolls of blinking {unknown}
 K - 2 scrolls of teleportation {unknown}
Potions
 i - 2 potions of ambrosia
 j - 3 potions of cancellation
 m - a potion of haste {unknown}
 p - a potion of might {unknown}
 q - a potion of flight {unknown}
 r - 5 potions of heal wounds
 x - 2 potions of magic
 H - 2 potions of curing
 J - a potion of resistance
Miscellaneous
 g - a phantom mirror


   Skills:
 - Level 3.0 Fighting
 * Level 9.6 Ranged Weapons
 - Level 8.0 Dodging
 - Level 2.0 Stealth
 - Level 4.0 Shields
 - Level 4.4 Translocations


You had 6 spell levels left.
You knew the following spells:

 Your Spells              Type           Power      Damage    Failure   Level
b - Blink                 Tloc           12%        N/A       34%         2

Your spell library contained the following spells:

 Spells                   Type           Power      Damage    Failure   Level
 Gell's Gravitas          Tloc           6%         N/A       56%         3
 Teleport Other           Tloc           6%         N/A       56%         3
 Freeze                   Ice            0%         1d3       80%         1
 Sandblast                Erth           0%         2d4       80%         1
 Shock                    Conj/Air       0%         1d3       80%         1
 Passwall                 Tmut/Erth      0%         N/A       91%         2
 Manifold Assault         Tloc           6%         N/A       92%         4
 Dazzling Flash           Conj/Hex       0%         N/A       99%         3
 Frozen Ramparts          Ice            0%         1d1       99%         3
 Hailstorm                Conj/Ice       0%         3d3       99%         3
 Stone Arrow              Conj/Erth      0%         3d7       99%         3
 Swiftness                Air            0%         N/A       99%         3
 Iskenderun's Mystic Bla  Conj/Tloc      3%         2d3       99%         4
 Airstrike                Air            0%         2d(0-16)  100%        4
 Dispersal                Tloc           3%         N/A       100%        6
 Starburst                Conj/Fire      0%         6d3       100%        6
 Storm Form               Tmut/Air       0%         N/A       100%        7


Dungeon Overview and Level Annotations

Branches:
Dungeon (8/15)             Temple (1/1) D:6            Lair (1/5) D:8

Shops:
D:5 *   D:7 =   D:8 ?

Annotations:
D:8 2 transporters, Sonja


Innate Abilities, Weirdness & Mutations

You have an increased reservoir of magic. (+10% MP)
You shall have no god before yourself.
Your divine heritage dramatically boosts your attributes as you level up.


Message History

Level annotation: 2 transporters
There is a staircase to the Lair here.
Fire: a) +6 sling of Gluttony {drain, rElec rPois rCorr Int-4}
Press: ? - help, Q - select action, (/) - cycle Shift-Dir - straight line, f - Sonja
Aim: Sonja, wielding a +1 dagger of distortion, quivering curare-tipped darts and carrying a wand of roots (6) (44% to hit)
You shoot a sling bullet. The sling bullet hits Sonja.
Sonja is lightly wounded.
You block Sonja's attack. Sonja misses you. Sonja hits you but does no damage.
Space warps horribly around you!
Sonja twirls her cape.
Sonja misses you. Sonja closely misses you.
Sonja hits you with a +1 dagger of distortion.
Space warps around you!
Unknown command.
Fire: a) +6 sling of Gluttony {drain, rElec rPois rCorr Int-4}
Press: ? - help, Q - select action, (/) - cycle Shift-Dir - straight line, f/p - Sonja
Aim: Sonja, wielding a +1 dagger of distortion, quivering curare-tipped darts and carrying a wand of roots (6) (lightly wounded, 44% to hit)
You shoot a sling bullet. The sling bullet closely misses Sonja.
You block Sonja's attack. Sonja hits you but does no damage.
Sonja misses you. x2
Sonja closely misses you.
Sonja hits you with a +1 dagger of distortion.
Space warps horribly around you!!
Unknown command.
Fire: a) +6 sling of Gluttony {drain, rElec rPois rCorr Int-4}
Press: ? - help, Q - select action, (/) - cycle Shift-Dir - straight line, f/p - Sonja
Aim: Sonja, wielding a +1 dagger of distortion, quivering curare-tipped darts and carrying a wand of roots (6) (lightly wounded, 44% to hit)
You shoot a sling bullet.
The sling bullet completely misses Sonja.
You block Sonja's attack.
Sonja hits you with a +1 dagger of distortion.
Space warps horribly around you!!
* * * LOW HITPOINT WARNING * * *
You block Sonja's attack.
Unknown command.
Casting: Blink (dangerous; 34% risk of failure)
Confirm with . or Enter, or press ? or * to list all spells.
You blink.
Sonja zaps a wand.
The roots erupt in riotous growth!
The grasping roots grab you! The grasping roots constrict you.
You die...

## ###....# #........# ##... ###
##..#####........## #... ..##
#####ยง##.........## ####...
...## #.K...........###)))...
....## ##...............####..
.....## ##............#### ##[
......#####...........### #.
.........)).[........## ####
................@....# ######...
.....######........### ##........
###### #####....## #......).. #
###......## #......... ###
###...##....# ##........
..########...........## #........
.......#...#..........###........
..........##...........###.......
.........##.............##....>..


You could see Sonja.

Vanquished Creatures
  Maggie (D:7)
  A hornet (D:8)
  A wyvern (D:8)
  Grum (D:8)
  Menkaure (D:4)
  3 swamp worms (D:7)
  A water moccasin (D:6)
  3 ice beasts
  2 black bears
  2 ogres
  4 wolves (D:8)
  3 centaurs
  2 kobold brigands
  A bullfrog (D:4)
  A necrophage (D:6)
  2 gnoll sergeants (D:8)
  12 killer bees
  2 howler monkeys (D:5)
  5 hounds
  2 gnoll boudas
  5 orc priests
  Crazy Yiuf (D:3)
  6 iguanas
  8 orc wizards
  6 adders
  17 gnolls
  A shadow imp (D:6)
  A worm (D:3)
  2 dart slugs
  19 orcs
  8 endoplasms
  4 giant cockroaches
  8 goblins
  7 hobgoblins
  4 jackals (D:2)
  3 quokkas
  6 ball pythons
  6 bats
  3 frilled lizards
  15 kobolds
  8 rats
188 creatures vanquished.

Vanquished Creatures (others)
  3 plants (D:7)
3 creatures vanquished.

Grand Total: 191 creatures vanquished

Notes
Turn   | Place    | Note
-------+----------+-------------------------------------------
     0 | D:1      | avis the Demigod Hunter began the quest for the Orb.
     0 | D:1      | Reached XP level 1. HP: 17/17 MP: 3/3
    93 | D:1      | Reached XP level 2. HP: 14/24 MP: 4/4
   201 | D:1      | Reached skill level 4 in Ranged Weapons
   239 | D:1      | Reached skill level 1 in Stealth
  1190 | D:2      | Reached XP level 3. HP: 28/29 MP: 5/5
  1523 | D:2      | Reached XP level 4. HP: 31/36 MP: 6/6
  1630 | D:2      | Identified the +6 sling of Gluttony {drain, rElec rPois
                  | rCorr Int-4}
  2123 | D:3      | Identified the +1 scale mail of Moral Flaws {rElec rPois
                  | Will+}
  2555 | D:3      | Reached XP level 5. HP: 41/41 MP: 7/7
  2566 | D:3      | Reached skill level 5 in Ranged Weapons
  2700 | D:3      | Found a runed translucent door.
  2701 | D:3      | Noticed Crazy Yiuf
  2706 | D:3      | Killed Crazy Yiuf
  2922 | D:4      | Noticed Menkaure
  2926 | D:4      | Killed Menkaure
  2927 | D:4      | Reached skill level 6 in Ranged Weapons
  2927 | D:4      | Reached XP level 6. HP: 15/48 MP: 8/8
  3188 | D:4      | Reached skill level 5 in Dodging
  3607 | D:4      | Learned a level 2 spell: Blink
  4023 | D:5      | Entered Level 5 of the Dungeon
  4034 | D:5      | Reached XP level 7. HP: 48/55 MP: 9/9
  4036 | D:5      | Reached skill level 1 in Translocations
  4295 | D:5      | Found Omun's CLEARANCE SALE!.
  4887 | D:6      | Reached XP level 8. HP: 61/61 MP: 10/10
  4960 | D:6      | Found a staircase to the Ecumenical Temple.
  4969 | Temple   | Entered the Ecumenical Temple
  5282 | D:6      | Reached skill level 7 in Ranged Weapons
  5534 | D:7      | Reached skill level 1 in Shields
  5582 | D:7      | Found Vyneepos's One-of-a-Kind Rings.
  5753 | D:7      | Reached skill level 8 in Ranged Weapons
  5928 | D:7      | Reached XP level 9. HP: 67/67 MP: 11/11
  6846 | D:8      | Noticed Maggie
  6857 | D:7      | Killed Maggie
  7011 | D:8      | Found a staircase to the Lair.
  7049 | D:8      | Found a transporter.
  7054 | D:8      | Noticed a tengu warrior
  7061 | D:8      | Found a transporter.
  7073 | D:8      | Found Gotzij's Magic Scroll Boutique.
  7404 | D:8      | Paralysed by a hornet for 1 turns
  7638 | D:8      | Reached skill level 9 in Ranged Weapons
  7746 | D:8      | Noticed Grum
  7749 | D:8      | Killed Grum
  8024 | Lair:1   | Entered Level 1 of the Lair of Beasts
  8024 | Lair:1   | Noticed Sonja
  8031 | D:8      | Constricted to death by Sonja

Illustrated notes

Levels and vault maps discovered:
D:1:      dpeg_arrival_arbitrary_b, layout_basic, basic_ecumenical_altar
D:2:      layout_loops_ring
D:3:      layout_loops_ring, mainiacjoe_overflow_cross_hatched, fedhas_altar_1,
          uniq_crazy_yiuf_cottage
D:4:      layout_loops_ring, mainiacjoe_overflow_24_doors,
          gammafunk_temple_overflow_wave, uniq_menkaure
D:5:      layout_rooms, nicolae_shop_clearance
D:6:      layout_cave_pools, minmay_temple_entry_gardened_gates,
          minmay_misc_feat_room, eino_tiny_chamber,
          minmay_fractal_squares_diagonal_5
D:7:      layout_basic, makhleb_heckhound_becter, minmay_misc_feat_four_crosses,
          grunt_ministairs_10, nicolae_shop_unique_rings, worms_lemuel
D:8:      layout_cave_pods, gammafunk_temple_overflow_arena, lair_entry_dummy,
          serial_shops, shop, uniq_maggie, uniq_grum
Temple:   nicolae_temple_ecumenical_triangle
Lair:1:   layout_chaotic_city, grunt_forest_large_clearings, uniq_erica,
          uniq_sonja

Skill      XL: |  1  2  3  4  5  6  7  8  9 |
---------------+----------------------------+-----
Dodging        | 2 3 4 5 6 8 |  8.0
Fighting       | 2 3 |  3.0
Ranged Weapons | 4 6 8 9 |  9.6
Stealth        | 1 2 |  2.0
Translocations | 4 |  4.4
Shields        | 4 |  4.0

Action                   |  1- 3 |  4- 6 |  7- 9 || total
-------------------------+-------+-------+-------++-------
Melee: Falchion          |       |     1 |       ||     1
 Fire: Shortbow          |   106 |    13 |       ||   119
       Sling             |       |    81 |   290 ||   371
 Cast: Blink             |       |       |     1 ||     1
  Use: Scroll            |       |       |     9 ||     9
       Potion            |       |       |     1 ||     1
Armor: Leather armour    |    16 |     5 |    11 ||    32
       Swamp dragon scal |       |       |    12 ||    12
Dodge: Dodged            |    34 |    18 |    96 ||   148
Block: Buckler           |       |       |    58 ||    58

Table legend: (Time is in decaauts)
 A = Elapsed time spent in this place.
 B = Non-inter-level travel time spent in this place.
 C = Inter-level travel time spent in this place.
 D = Time resting spent in this place.
 E = Time spent auto-exploring this place.
 F = Levels seen in this place.
 G = Mean time per level.
                   A        B        C        D        E       F      G
               +--------+--------+--------+--------+--------+-----+--------+
         Total |   8151 |   7253 |    898 |   1291 |   4384 |  10 |  815.1 |
       Dungeon |   8074 |   7176 |    898 |   1235 |   4384 |   8 | 1009.2 |
        Temple |     74 |     74 |      0 |     56 |      0 |   1 |   74.0 |
          Lair |      2 |      2 |      0 |      0 |      0 |   1 |    2.0 |
               +--------+--------+--------+--------+--------+-----+--------+

Top non-repeatable levels by time:
     D:7: 1408 daAuts
     D:1: 1237 daAuts
     D:4: 1166 daAuts
     D:8: 1113 daAuts
     D:3: 979 daAuts
     D:2: 818 daAuts
     D:6: 721 daAuts
     D:5: 629 daAuts
  Temple: 74 daAuts
  Lair:1: 2 daAuts
